 Dungeon Crawl Stone Soup version 0.29-a0-284-gf9362112df (webtiles) character file.

Game seed: 13717189220206253978

11 yunder69 the Caller (level 2, -2/19 HPs)
             Began as a Barachi Summoner on Mar 31, 2022.
             Slain by a worm (7 damage)
             ... on level 2 of the Dungeon.
             The game lasted 00:08:37 (1630 turns).

yunder69 the Caller (Barachi Summoner)              Turns: 1630, Time: 00:08:37

Health: -2/19      AC:  8    Str:  9    XL:     2   Next: 29%
Magic:  5/5        EV: 10    Int: 15    God:
Gold:   92         SH:  0    Dex: 12    Spells: 2/5 levels left

rFire   . . .      SeeInvis .   j - staff of cold
rCold   + . .      Faith    .   (no shield)
rNeg    . . .      Spirit   .   f - +0 ring mail
rPois   .          Reflect  .   (no helmet)
rElec   .          Harm     .   (no cloak)
rCorr   .          Rampage  .   h - +2 pair of gloves
Will    .....                   (no boots)
Stlth   +.........              (no amulet)
HPRegen 0.06/turn               (no ring)
MPRegen 0.09/turn               (no ring)

@: slow
A: amphibious, slowness 1, strong legs 1, +LOS
a: Hop


You were on level 2 of the Dungeon.
You visited 1 branch of the dungeon, and saw 2 of its levels.

You collected 92 gold pieces.

Inventory:

Hand Weapons
 c - a +0 short sword
Missiles
 e - 4 stones
Armour
 a - a +0 robe
 f - a +0 ring mail (worn)
 h - a +2 pair of gloves (worn)
Magical Staves
 j - a staff of cold (weapon)
Scrolls
 d - a scroll of teleportation
 i - a scroll of summoning {unknown}
 l - a scroll of identify {unknown}
Potions
 b - a potion of magic
 g - a potion of attraction {unknown}
 k - 2 potions of curing {unknown}


   Skills:
 - Level 1.9 Short Blades
 + Level 0.1 Staves
 - Level 2.2 Dodging
 - Level 1.7 Stealth
 - Level 2.2 Spellcasting
 - Level 4.8 Summonings
 + Level 0.2 Ice Magic


You had 2 spell levels left.
You knew the following spells:

 Your Spells              Type           Power      Damage    Failure   Level
a - Summon Small Mammal   Summ           64%        N/A       9%          1
b - Call Imp              Summ           16%        N/A       13%         2

Your spell library contained the following spells:

 Spells                   Type           Power      Damage    Failure   Level
 Call Canine Familiar     Summ           16%        N/A       26%         3
 Summon Guardian Golem    Hex/Summ       8%         N/A       56%         3
 Summon Lightning Spire   Summ/Air       8%         N/A       92%         4


Dungeon Overview and Level Annotations

Branches:
Dungeon (2/15)

Altars:

Shops:
D:1 (


Innate Abilities, Weirdness & Mutations

You are amphibious.
You cover ground slowly.
You can hop short distances.
You have an extended range of vision and can be seen from far away.


Message History

The ball python bites you but does no damage.
The ball python closely misses you.
You barely miss the ball python.
The ball python is moderately wounded.
The ball python bites you. The ball python grabs you.
The ball python constricts you. The ball python bites you.
The ball python constricts you.
You hit the ball python.
You kill the ball python!
Casting: Call Imp (safe; 13% risk of failure)
Confirm with . or Enter, or press ? or * to list all spells.
A beastly little devil appears in a puff of flame.
The worm closely misses your crimson imp.
The worm barely misses your crimson imp.
The worm bites your crimson imp.
Your crimson imp hits the worm but does no damage.
Your crimson imp barely misses the worm.
The worm bites your crimson imp.
Your crimson imp hits the worm but does no damage.
The worm barely misses your crimson imp.
Your crimson imp blinks!
You hit the worm.
The worm is lightly wounded.
The worm bites you.
You barely miss the worm. You barely miss the worm. The worm bites you.
* * * LOW HITPOINT WARNING * * *
Your crimson imp hits the worm.
You barely miss the worm.
The worm is lightly wounded.
Your crimson imp barely misses the worm.
The worm bites you but does no damage.
You hit the worm.
The worm is lightly wounded.
Your crimson imp hits the worm.
You hit the worm but do no damage.
The worm is moderately wounded.
Your crimson imp barely misses the worm.
The worm bites you!
You die...

#..........# #..#
#.###..#######..#
#.†#........#
#..#.####...#
#..#†####...#
#...........#
##...5.....#####.##
###w###...........
#@###.#########.
####.....####
#8^.........#
#^#.......#^#
#...........#
###.##_##.###
#8...#.#....#
######.###### ...


You could see a worm (ally target) and a friendly crimson imp (summoned).

Vanquished Creatures
  An endoplasm (D:1)
  A hobgoblin (D:1)
  4 ball pythons
  3 frilled lizards
  3 kobolds (D:1)
12 creatures vanquished.

Vanquished Creatures (collateral kills)
  A rat (D:2)
1 creature vanquished.

Grand Total: 13 creatures vanquished

Notes
Turn   | Place    | Note
-------+----------+-------------------------------------------
     0 | D:1      | yunder69 the Barachi Summoner began the quest for the Orb.
     0 | D:1      | Reached XP level 1. HP: 13/13 MP: 3/3
   588 | D:1      | Found Fosisukh's Weapon Boutique.
   996 | D:1      | Reached skill level 1 in Short Blades
  1128 | D:1      | Reached XP level 2. HP: 16/19 MP: 5/5
  1450 | D:2      | Learned a level 2 spell: Call Imp
  1467 | D:2      | Found a faded altar of an unknown god.
  1630 | D:2      | Slain by a worm

Illustrated notes

Levels and vault maps discovered:
D:1:      psy_arrival_terrarium, layout_basic, serial_shops, shop,
          corexii_item_surrounded_by_moat
D:2:      layout_loops_ring, shapermc_ecumenical_altar_mp_highgroup

Skill      XL: |  1 |
---------------+----+-----
Short Blades   | 1 |  1.9
Staves         | |  0.1
Dodging        | |  2.2
Stealth        | |  1.7
Spellcasting   | |  2.2
Summonings     | |  4.8
Ice Magic      | |  0.2

Action                   || total
-------------------------++-------
Melee: Short sword       ||    39
       Unarmed           ||    10
       Staff             ||    14
 Cast: Call Imp          ||     3
       Summon Small Mamm ||     1
 Abil: Hop               ||     2
  Use: Scroll            ||     1
Armor: Robe              ||     8
       Ring mail         ||    11
Dodge: Dodged            ||    31

Table legend: (Time is in decaauts)
 A = Elapsed time spent in this place.
 B = Non-inter-level travel time spent in this place.
 C = Inter-level travel time spent in this place.
 D = Time resting spent in this place.
 E = Time spent auto-exploring this place.
 F = Levels seen in this place.
 G = Mean time per level.
                   A        B        C        D        E       F      G
               +--------+--------+--------+--------+--------+-----+--------+
         Total |   1755 |   1545 |    210 |    796 |      0 |   2 |  877.5 |
       Dungeon |   1755 |   1545 |    210 |    796 |      0 |   2 |  877.5 |
               +--------+--------+--------+--------+--------+-----+--------+

Top non-repeatable levels by time:
     D:1: 1144 daAuts
     D:2: 610 daAuts
